 Dungeon Crawl Stone Soup version 0.29-a0-1027-gcd8c55af63 (webtiles) character file.

Game seed: 10517614340986782638

4 Manisian the Insei (level 1, 0/13 HPs)
             Began as an Octopode Transmuter on Aug 12, 2022.
             Slain by a goblin
             ... wielding a +0 club
              (2 damage)
             ... on level 1 of the Dungeon.
             The game lasted 00:00:33 (136 turns).

Manisian the Insei (Octopode Transmuter)             Turns: 136, Time: 00:00:33

Health: 0/13       AC:  1    Str:  9    XL:     1   Next: 70%
Magic:  2/3        EV: 13    Int: 15    God:
Gold:   0          SH:  0    Dex: 12    Spells: 3/4 levels left

rFire   . . .      SeeInvis .     - Unarmed
rCold   . . .      Faith    .   (no shield)
rNeg    . . .      Spirit   .   (helmet currently unavailable)
rPois   .          Reflect  .   (no amulet)
rElec   .          Harm     .   (no ring)
rCorr   .          Rampage  .   (no ring)
Will    .....                   (no ring)
Stlth   ++........              (no ring)
HPRegen 0.04/turn               (no ring)
MPRegen 0.08/turn               (no ring)
                                (no ring)
                                (no ring)

@: appendages
A: tentacle spike 3, almost no armour, amphibious, 8 rings, camouflage 1,
gelatinous body 1, (nimble swimmer 1), tentacles
a: End Transformation


You were on level 1 of the Dungeon.
One of your tentacles had grown a beastly spike.
You visited 1 branch of the dungeon, and saw 1 of its levels.

Inventory:

Scrolls
 b - a scroll of identify {unknown}
 c - a scroll of teleportation {unknown}
Potions
 a - a potion of lignification


   Skills:
 + Level 1.0 Fighting
 + Level 2.0 Dodging
 + Level 3.1 Unarmed Combat
 + Level 2.2 Spellcasting
 + Level 2.0 Transmutations


You had 3 spell levels left.
You knew the following spells:

 Your Spells              Type           Power      Damage    Failure   Level
a - Beastly Appendage     Tmut           14%        N/A       10%         1

Your spell library contained the following spells:

 Spells                   Type           Power      Damage    Failure   Level
 Wereblood                Tmut           7%         N/A       14%         2
 Freeze                   Ice            4%         1d3       22%         1
 Spider Form              Tmut/Pois      4%         N/A       41%         3
 Frozen Ramparts          Ice            2%         1d1       54%         3
 Ice Form                 Ice/Tmut       4%         N/A       82%         4
 Hailstorm                Conj/Ice       1%         3d3       91%         4


Dungeon Overview and Level Annotations

Branches:
Dungeon (1/15)

Altars:


Innate Abilities, Weirdness & Mutations

One of your tentacles has grown a beastly spike.
You cannot wear most types of armour.
You are amphibious.
You can wear up to eight rings at the same time.
Your skin changes colour to match your surroundings (Stealth+).
Your rubbery body absorbs attacks. (AC +1, EV +1)
((You are camouflaged when in or above water. (Stealth+)))
You have tentacles for arms and can constrict up to eight enemies at once.


Message History

c - a scroll labelled KIM BAODDET Your transformation is almost over.
You start resting.
Your tentacle spike disappears.
HP restored.
A kobold comes into view. It is wielding a +0 club.
Found 7 gold pieces.
The kobold moves out of view.
Casting: Beastly Appendage (safe; 10% risk of failure)
Confirm with . or Enter, or press ? or * to list all spells.
One of your tentacles grows a vicious spike.
The kobold hits you with a +0 club.
You closely miss the kobold. Your grab misses the kobold.
Your tentacle spike misses the kobold.
The kobold hits you with a +0 club.
You tentacle-slap the kobold. You grab the kobold.
Your tentacle spike misses the kobold.
The kobold is severely wounded.
You constrict the kobold, but do no damage.
The kobold hits you with a +0 club.
You tentacle-slap the kobold.
You kill the kobold!
You start resting.
Your transformation is almost over.
Magic restored.
You start resting.
Your tentacle spike disappears.
A goblin is nearby!
Casting: Beastly Appendage (safe; 10% risk of failure)
Confirm with . or Enter, or press ? or * to list all spells.
One of your tentacles grows a vicious spike.
The goblin shouts!
You hear a shout!
The goblin hits you with a +0 club.
You barely miss the goblin. Your grab misses the goblin.
Your tentacle spike misses the goblin.
Your tentacle-slap misses the goblin.
You squeeze the goblin, but do no damage.
The goblin hits you with a +0 club.
* * * LOW HITPOINT WARNING * * *
You tentacle-slap the goblin. Your grab misses the goblin.
The goblin is moderately wounded.
The goblin hits you with a +0 club.
You die...

.$. #...##..##... . ..
#...#........ #.###.
#.....#.#.#..
......#######............
.......#......†...#.#....
#..#............#........
................#.#.#....
#.....g........#.#.#...#
##.#..#@.......#.#.#.#..
#..#........#.#.#.###
....#........#.#.#.##.
.K...##########.#.#.##.
....... #...#†##. .......
#########.### .......
#^........'..
#+#######.#.. J.. #.#..


You could see a goblin.

Vanquished Creatures
  An endoplasm (D:1)
  A hobgoblin (D:1)
  A bat (D:1)
  A kobold (D:1)
  A rat (D:1)
5 creatures vanquished.

Notes
Turn   | Place    | Note
-------+----------+-------------------------------------------
     0 | D:1      | Manisian the Octopode Transmuter began the quest for the
                  | Orb.
     0 | D:1      | Reached XP level 1. HP: 13/13 MP: 3/3
   136 | D:1      | Slain by a goblin

Illustrated notes

Levels and vault maps discovered:
D:1:      minmay_arrival_stair_chambers, layout_basic,
          shapermc_ecumenical_altar_mp_highgroup, serial_glass, glass_columns_b,
          glass_columns_a

Action                   || total
-------------------------++-------
Melee: Unarmed           ||    13
       Constrict         ||     3
       Tentacles         ||     2
       Kick              ||     1
       Punch             ||     1
 Cast: Beastly Appendage ||     4
Armor: Skin              ||     1
Dodge: Dodged            ||     6

Table legend: (Time is in decaauts)
 A = Elapsed time spent in this place.
 B = Non-inter-level travel time spent in this place.
 C = Inter-level travel time spent in this place.
 D = Time resting spent in this place.
 E = Time spent auto-exploring this place.
 F = Levels seen in this place.
 G = Mean time per level.
                   A        B        C        D        E       F      G
               +--------+--------+--------+--------+--------+-----+--------+
         Total |    135 |    135 |      0 |     50 |      0 |   1 |  135.0 |
       Dungeon |    135 |    135 |      0 |     50 |      0 |   1 |  135.0 |
               +--------+--------+--------+--------+--------+-----+--------+

Top non-repeatable levels by time:
     D:1: 135 daAuts
